 Dungeon Crawl Stone Soup version 0.20.1-1-g8b1a95d (webtiles) character file.

1096 asishallab the Blocker (level 8, 0/52 HPs)
             Began as a Formicid Fighter on Dec 8, 2017.
             Was an Initiate of Gozag.
             Killed by nerve-wracking pain
             ... invoked by an orc priest
              (10 damage)
             ... on level 6 of the Dungeon.
             The game lasted 00:11:20 (3617 turns).

asishallab the Blocker (Formicid Fighter)           Turns: 3617, Time: 00:11:22

Health: 0/52       AC: 11    Str: 20    XL:     8   Next: 57%
Magic:  8/8        EV:  9    Int: 11    God:    Gozag
Gold:   106        SH: 14    Dex: 12    Spells: 7/7 levels left

rFire    + . .     SeeInvis +   n - +0 battleaxe
rCold    . . .     Gourm    .   c - +1 shield
rNeg     . . .     Faith    .   b - +0 scale mail
rPois    .         Spirit   .   (helmet unavailable)
rElec    .         Reflect  .   o - +0 cloak
rCorr    .         Harm     .   p - +0 pair of gloves
MR       .....                  (no boots)
Stlth    ..........             (no amulet)
Regen    0.2/turn               l - ring of teleportation
MPRegen  0.2/turn               (no ring)

@: flying
A: permanent stasis, dig shafts and tunnels, four strong arms, antennae 3, thin
metallic scales 1, clever 1, fire resistance 1, frail 1
a: Dig, Shaft Self, Potion Petition, Call Merchant, Bribe Branch, Renounce
Religion


You were on level 6 of the Dungeon.
You worshipped Gozag.
Gozag was aware of your devotion.
You were near starving.

You visited 1 branch of the dungeon, and saw 6 of its levels.

You collected 405 gold pieces.
You paid 299 gold pieces to Gozag.

Inventory:

Hand Weapons
 a - a +1 war axe
 n - a +0 battleaxe (weapon)
Missiles
 h - 32 stones (quivered)
Armour
 b - a +0 scale mail (worn)
 c - a +1 shield (worn)
 o - a +0 cloak (worn)
 p - a +0 pair of gloves (worn)
Jewellery
 i - a +4 amulet of reflection {unknown}
 l - a ring of teleportation (left hand)
Scrolls
 e - a scroll of immolation
 k - 2 scrolls of identify
 m - 2 scrolls of recharging
 q - 3 scrolls of remove curse
Books
 g - a book of Maledictions

   Spells                             Type                      Level
   a - Corona                         Hexes                        1
   b - Ensorcelled Hibernation        Hexes/Ice                    2
   c - Confuse                        Hexes                        3
   d - Tukima's Dance                 Hexes                        3
   e - Dazzling Spray                 Conjuration/Hexes            3
Miscellaneous
 j - a phial of floods
Comestibles
 d - 2 meat rations
 f - 3 bread rations


   Skills:
 - Level 3.2 Fighting
 + Level 7.7 Axes
 - Level 3.2 Armour
 - Level 13.4 Shields


You had 7 spell levels left.
You didn't know any spells.

Dungeon Overview and Level Annotations

Branches:
Dungeon (5/15)
 Temple: D:4-7

Altars:
Ashenzari
Gozag
Kikubaaqudgha
Okawaru
Ru
Xom


Innate Abilities, Weirdness & Mutations

You cannot be hasted, slowed, berserked, paralysed or teleported.
You can dig through walls and to a lower floor.
Your four strong arms can wield two-handed weapons with a shield.
You have a pair of large antennae on your head. (SInv)
You are partially covered in thin metallic scales. (AC +2)
Your mind is acute. (Int +2)
Your flesh is heat resistant. (rF+)
You are frail. (-10% HP)


Message History

[b] - 299 gold - haste and flight [c] - 728 gold - heal wounds, berserk rage, resistance, might and agility Purchase which effect?
You don't have enough gold for that! [a] - 720 gold - resistance, might and haste [b] - 299 gold - haste and flight [c] - 728 gold - heal wounds, berserk rage, resistance, might and agility Purchase which effect? [a] - 720 gold - resistance, might and haste [b] - 299 gold - haste and flight [c] - 728 gold - heal wounds, berserk rage, resistance, might and agility Purchase which effect?
You no longer have enough gold to petition Gozag for potion effects.
Your stasis prevents you from being hasted.
You feel very buoyant.
You fly up into the air.
The orc priest mumbles some strange prayers to Beogh against you.
Pain shoots through your body!
You die...
Your body crumbles into a pile of gold.

$ .. #..
#..#########
#......#[..##
##......o...>#.
#....o.....o...
#.#.....o......
....b..@.o.....
#._W...........
....b.#########
.....# ..#.. .
#. . ..


You could see a phantom, an orc warrior, an orc priest and 3 orcs.

Vanquished Creatures
  A yak (D:4)
  An orc warrior (D:4)
  An ice beast (D:5)
  A sky beast (D:4)
  An ogre (D:5)
  Blork the orc (D:5)
  2 scorpions
  2 centaur zombies (D:5)
  A hound (D:5)
  A centaur skeleton (D:4)
  An orc priest (D:5)
  An orc wizard (D:5)
  Terence (D:3)
  Natasha (D:4)
  3 gnolls (D:4)
  An ooze (D:1)
  3 worms (D:2)
  5 dart slugs
  2 leopard geckos (D:1)
  7 orcs
  2 bat zombies (D:2)
  2 giant cockroaches
  8 goblins
  4 hobgoblins
  6 bats
  A frilled lizard (D:3)
  5 kobolds
  3 rats
  A rat zombie (D:2)
69 creatures vanquished.

Notes
Turn   | Place    | Note
-------+----------+-------------------------------------------
     0 | D:1      | asishallab the Formicid Fighter began the quest for the Orb.
     0 | D:1      | Reached XP level 1. HP: 18/18 MP: 1/1
   141 | D:1      | Reached XP level 2. HP: 15/24 MP: 2/2
   630 | D:1      | Reached XP level 3. HP: 29/29 MP: 3/3
  1599 | D:2      | Reached XP level 4. HP: 34/35 MP: 4/4
  1784 | D:2      | Found an opulent altar of Gozag.
  1878 | D:2      | Found a faded altar of an unknown god.
  1880 | D:2      | Became a worshipper of Gozag Ym Sagoz the Greedy
  2116 | D:2      | Found an ancient bone altar of Kikubaaqudgha.
  2294 | D:3      | Noticed Terence
  2302 | D:3      | Killed Terence
  2306 | D:3      | Gained mutation: Your spells are a little harder to cast, but a little more powerful. [potion of mutation]
  2306 | D:3      | Gained mutation: Your body sometimes deteriorates upon taking damage. [potion of mutation]
  2306 | D:3      | Gained mutation: Your skin changes colour to match your surroundings (Stealth+). [potion of mutation]
  2307 | D:3      | Reached skill level 13 in Shields
  2307 | D:3      | Reached XP level 5. HP: 25/41 MP: 5/5
  2310 | D:3      | You fall through a shaft for 2 floors!
  2310 | D:5      | Entered Level 5 of the Dungeon
  2310 | D:5      | Found an iron altar of Okawaru.
  2311 | D:5      | Noticed Blork the orc
  2334 | D:5      | Killed Blork the orc
  2334 | D:5      | Reached XP level 6. HP: 36/47 MP: 6/6
  2338 | D:5      | Noticed an ice beast
  2357 | D:5      | Killed an ice beast
  2357 | D:5      | Reached skill level 5 in Axes
  2574 | D:5      | Noticed an ogre
  2581 | D:5      | Reached XP level 7. HP: 41/52 MP: 7/7
  3079 | D:5      | Lost mutation: Your body sometimes deteriorates upon taking damage. [potion of mutation]
  3079 | D:5      | Gained mutation: You expend magic power (3 MP) to strengthen your wands. [potion of mutation]
  3079 | D:5      | Gained mutation: Your body sometimes deteriorates upon taking damage. [potion of mutation]
  3079 | D:5      | Gained mutation: Your natural rate of healing is unusually fast. [potion of mutation]
  3108 | D:4      | You fall through a shaft!
  3375 | D:4      | Reached XP level 8. HP: 50/58 MP: 8/8
  3380 | D:4      | Lost mutation: Your body sometimes deteriorates upon taking damage. [potion of mutation]
  3380 | D:4      | Lost mutation: Your spells are a little harder to cast, but a little more powerful. [potion of mutation]
  3380 | D:4      | Lost mutation: You expend magic power (3 MP) to strengthen your wands. [potion of mutation]
  3380 | D:4      | Gained mutation: You are clumsy. (Dex -2) [potion of mutation]
  3380 | D:4      | Gained mutation: You possess an exceptional clarity of mind. [potion of mutation]
  3380 | D:4      | Lost mutation: You possess an exceptional clarity of mind. [potion of mutation]
  3380 | D:4      | Gained mutation: You have a somewhat thin skeletal structure. (Dex +2, Stealth) [potion of mutation]
  3381 | D:4      | Lost mutation: Your skin changes colour to match your surroundings (Stealth+). [potion of mutation]
  3381 | D:4      | Lost mutation: You have a somewhat thin skeletal structure. (Dex +2, Stealth) [potion of mutation]
  3381 | D:4      | Lost mutation: You are clumsy. (Dex -2) [potion of mutation]
  3381 | D:4      | Lost mutation: Your natural rate of healing is unusually fast. [potion of mutation]
  3381 | D:4      | Gained mutation: Your mind is acute. (Int +2) [potion of mutation]
  3381 | D:4      | Gained mutation: You are frail. (-10% HP) [potion of mutation]
  3381 | D:4      | Gained mutation: You are partially covered in thin metallic scales. (AC +2) [potion of mutation]
  3381 | D:4      | Gained mutation: Your flesh is heat resistant. (rF+) [potion of mutation]
  3415 | D:4      | Found a transporter.
  3415 | D:4      | Noticed a yak
  3420 | D:4      | Found a transporter.
  3424 | D:4      | Found a sacrificial altar of Ru.
  3424 | D:4      | Found a shattered altar of Ashenzari.
  3436 | D:4      | Killed a yak
  3597 | D:4      | Noticed Natasha
  3602 | D:4      | Killed Natasha
  3616 | D:4      | You fall through a shaft for 2 floors!
  3616 | D:6      | Found a shimmering altar of Xom.
  3617 | D:6      | Killed from afar by an orc priest

Skill      XL: |  1  2  3  4  5  6  7  8 |
---------------+-------------------------+-----
Axes           | 3 4 5 6 7 |  7.7
Shields        | 13 | 13.4
Fighting       | |  3.2
Armour         | |  3.2

Action                   |  1- 3 |  4- 6 |  7- 9 || total
-------------------------+-------+-------+-------++-------
Melee: War axe           |   107 |    79 |    80 ||   266
       Battleaxe         |       |       |    14 ||    14
Invok: Potion Petition   |       |     1 |     1 ||     2
 Abil: Shaft Self        |       |     1 |     2 ||     3
  Use: Potion            |     1 |     2 |     4 ||     7
       Scroll            |       |       |     8 ||     8
  Eat: Chunk             |     2 |     2 |       ||     4
       Bread ration      |       |     1 |       ||     1
Armor: Scale mail        |    39 |    29 |    26 ||    94
       Skin              |       |       |    17 ||    17
Dodge: Dodged            |    26 |    28 |    17 ||    71
Block: Shield            |    58 |    44 |    70 ||   172
